 Dungeon Crawl Stone Soup version 0.30.1-11-g7821555f0a (webtiles) character file.

Game seed: 5734872068290035170

33802 pkoi the Martial Artist (level 13, -12/111 HPs)
             Began as a Red Draconian Monk on Nov 10, 2023.
             Was a High Priest of Sif Muna.
             Mangled by a death yak (14 damage)
             ... on level 4 of the Lair of Beasts.
             The game lasted 00:40:11 (22503 turns).

pkoi the Martial Artist (Red Draconian Monk)       Turns: 22503, Time: 00:40:11

Health: -12/111    AC: 15    Str: 14    XL:     13   Next: 38%
Magic:  17/22      EV: 16    Int: 14    God:    Sif Muna [*****.]
Gold:   609        SH:  0    Dex: 15    Spells: 10/24 levels left

rFire   + .          .
                       - Unarmed
rCold   . . .        (no shield)
rNeg    . . .        (body armour unavailable)
rPois   .            (helmet restricted)
rElec   .            h - +0 cloak
rCorr   +            k - +0 pair of gloves
SInv    .            D - +0 pair of boots
Will    .....        (no amulet)
Stlth   +            e - ring of resist corrosion
HPRegen 0.38/turn    A - +4 ring of protection
MPRegen 0.18/turn

%: no passive effects
@: lethally poisoned (-12 -> -20)
A: breathe fire, AC +8, unfitting armour, fire resistance 1, cold-blooded
a: Breathe Fire, Renounce Religion, Channel Magic, Forget Spell, Divine Exegesis


You were on level 4 of the Lair of Beasts.
You worshipped Sif Muna.
Sif Muna was extremely pleased with you.
You visited 3 branches of the dungeon, and saw 17 of its levels.

You collected 817 gold pieces.
You spent 208 gold pieces at shops.

Inventory:

Hand Weapons
 m - a +2 dagger of speed
 C - a +2 dagger of venom
 F - the +10 dagger of Emeir {vamp, rN+ rCorr Str-5 Int+3}
   (You took it off a kobold demonologist on level 10 of the Dungeon)

   Str:       It affects your strength (-5).
   Int:       It affects your intelligence (+3).
   rN:        It protects you from negative energy.
   rCorr:     It protects you from acid and corrosion.
Missiles
 a - 5 curare-tipped darts
 t - 27 poisoned darts (quivered)
Armour
 b - an orb of light
 h - a +0 cloak (worn)
 k - a +0 pair of gloves (worn)
 D - a +0 pair of boots (worn)
Jewellery
 e - a ring of resist corrosion (left hand)
 f - a ring of flight
 y - a ring of protection from fire
 A - a +4 ring of protection (right hand)
 H - a ring of ice
Wands
 c - a wand of flame (4)
 q - a wand of roots (2)
 v - a wand of light (5)
 B - a wand of charming (9)
 I - a wand of polymorph (3)
Scrolls
 g - 3 scrolls of enchant armour
 i - 8 scrolls of identify
 j - 5 scrolls of teleportation
 l - 2 scrolls of blinking
 o - a scroll of magic mapping
 w - a scroll of acquirement
 x - a scroll of enchant weapon
 E - a scroll of amnesia
 G - a scroll of brand weapon
Potions
 d - 3 potions of berserk rage
 n - 2 potions of magic
 p - 6 potions of curing
 r - a potion of brilliance
 s - 3 potions of might
 u - 3 potions of flight
 z - 3 potions of cancellation
 J - 2 potions of degeneration {unknown}


   Skills:
 - Level 9.0 Fighting
 - Level 9.0 Dodging
 + Level 12.4 Unarmed Combat
 - Level 6.0 Spellcasting
 - Level 6.0 Hexes
 - Level 6.0 Summonings
 + Level 7.0 Translocations
 + Level 11.2 Fire Magic


You had 10 spell levels left.
You knew the following spells:

 Your Spells              Type           Power      Damage    Failure   Level
a - Apportation           Tloc           46%        N/A       1%          1
b - Volatile Blastmotes   Fire/Tloc      58%        2d14      1%          3
c - Summon Small Mammal   Summ           84%        N/A       1%          1
d - Inner Flame           Hex/Fire       28%        N/A       1%          3
e - Blink                 Tloc           46%        N/A       1%          2
f - Manifold Assault      Tloc           23%        N/A       9%          4

Your spell library contained the following spells:

 Spells                   Type           Power      Damage    Failure   Level
 Slow                     Hex            84%        N/A       1%          1
 Lesser Beckoning         Tloc           46%        N/A       1%          2
 Gell's Gravitas          Tloc           23%        N/A       2%          3
 Teleport Other           Tloc           23%        N/A       2%          3
 Portal Projectile        Hex/Tloc       44%        N/A       3%          3
 Confusing Touch          Hex            21%        N/A       4%          3
 Ensorcelled Hibernation  Hex/Ice        24%        N/A       7%          2
 Cause Fear               Hex            10%        N/A       13%         4
 Freeze                   Ice            16%        1d4       16%         1
 Necrotise                Necr           16%        1d4       16%         1
 Shock                    Conj/Air       16%        1d4       16%         1
 Cigotuvi's Dreadful Rot  Necr/Pois/Air  8%         N/A       24%         2
 Static Discharge         Conj/Air       8%         2-3/arc   24%         2
 Leda's Liquefaction      Hex/Erth       6%         N/A       41%         4
 Frozen Ramparts          Ice            8%         1d2       43%         3
 Hailstorm                Conj/Ice       4%         3d4       43%         3
 Swiftness                Air            4%         N/A       43%         3
 Vampiric Draining        Necr           4%         2d6       43%         3
 Silence                  Hex/Air        6%         N/A       77%         5
 Airstrike                Air            2%         2d(1-17)  83%         4
 Dispel Undead            Necr           4%         3d7       83%         4
 Death Channel            Necr           2%         N/A       100%        6
 Storm Form               Tmut/Air       2%         N/A       100%        7


Dungeon Overview and Level Annotations

Branches:
Dungeon (11/15)            Temple (1/1) D:6            Lair (5/5) D:11
 Shoals (0/4) Lair:3        Snake (0/4) Lair:3          Orc (0/2) D:9
  Slime: Lair:4-5

Altars:
Ashenzari
Cheibriados
Dithmenos
Elyvilon
Fedhas
Gozag
Hepliaklqana
Kikubaaqudgha
Makhleb
Nemelex Xobeh
Okawaru
Qazlal
Ru
Sif Muna
Trog
Uskayaw
Vehumet
Wu Jian
Xom
Yredelemnul
Zin
The Shining One
Jiyva

Shops:
D:3 (   D:5 *   D:10 (

Annotations:
D:10 exclusion: ice statue
Lair:4 3 runed translucent doors, Ziam's ghost, journeyman GrBe


Innate Abilities, Weirdness & Mutations

You can breathe blasts of fire.
Your fiery red scales are hard. (AC +8)
You cannot fit into any form of body armour.
Your flesh is heat resistant. (rF+)
You are cold-blooded and may be slowed by cold attacks.


Message History

The cane toad is severely wounded.
You feel very sick.
The cane toad is engulfed in blazing flames.
Flame seeps out of the cane toad.
The cane toad stings you but does no damage.
Unknown command.
Unknown command.
You hit the cane toad but do no damage.
The cane toad is severely wounded.
You feel very sick. The death yak closely misses you.
The death yak barely misses you.
Unknown command.
Unknown command.
You punch the cane toad!
Flame seeps out of the cane toad.
The cane toad is almost dead.
You feel sick.
The cane toad is engulfed in blazing flames.
Sif Muna accepts your kill.
Sif Muna will now gift you books as you gain piety.
The cane toad explodes!
The fiery explosion engulfs you!! You resist.
* * * LOW HITPOINT WARNING * * *
The fiery explosion engulfs the death yak!!
The death yak is heavily wounded.
The fiery explosion engulfs the death yak!!!
The death yak is heavily wounded.
The death yak is engulfed in blazing flames.
The death yak misses you.
The death yak is engulfed in blazing flames.
The death yak closely misses you.
Your Translocations skill increases to level 7!
Unknown command.
Unknown command.
You feel very sick.
The death yak is engulfed in blazing flames.
The death yak gores you!
* * * LOW HITPOINT WARNING * * *
The death yak is engulfed in blazing flames.
The death yak gores you!
You die...

###....####.#####..## #####
##.#...###### ##...#
.#.#..#...#.###....# ### ###
...................#####.###.#
............................##
...#.#..###.................##
...###### #......>...........#
....#### #....§YY..........##
...##..####.=...@§..........#
...##..##.#....§§§..........#
............................##
......PP.....................#
......P####...#P#...........##
......## #...###...........#
......#####....##...........#
......#.#P...#.##...........##
......#............P..##...#.#


You could see 2 death yaks.

Vanquished Creatures
  3 hydras
  3 catoblepae
  2 two-headed ogres (D:11)
  2 death yaks (Lair:4)
  Sonja (D:11)
  A cyclops (D:11)
  12 elephants
  2 black mambas
  3 cane toads
  Psyche (D:11)
  6 komodo dragons
  2 unseen horrors (D:10)
  3 rime drakes
  2 kobold demonologists
  A troll (D:9)
  A polar bear (Lair:4)
  A snapping turtle (Lair:3)
  Grinder (D:6)
  Prince Ribbit (D:6)
  A hornet (D:9)
  9 blink frogs
  7 wyverns
  33 yaks
  A wraith (D:11)
  6 basilisks
  2 steam dragons
  Menkaure (D:4)
  An acid dragon (D:10)
  13 water moccasins
  5 orc warriors
  4 sky beasts
  A black bear (D:7)
  2 ice beasts
  30 wolves
  4 centaurs
  Blork the orc (D:4)
  10 bullfrogs
  3 scorpions
  5 wights (D:7)
  3 killer bees (D:9)
  An electric eel (Lair:3)
  4 howler monkeys (D:10)
  2 jellies
  6 orc priests
  A gnoll bouda (D:5)
  5 hounds
  Jessica (D:2)
  Natasha (thrice) (D:4)
  5 iguanas
  8 orc wizards
  Terence (D:2)
  7 gnolls
  7 adders
  5 shadow imps
  An ufetubus (D:7)
  A worm (D:3)
  2 dart slugs
  34 orcs
  8 endoplasms
  4 giant cockroaches
  4 goblins
  6 hobgoblins
  4 jackals (D:2)
  6 kobolds
  3 quokkas
  6 ball pythons
  3 bats
  A frilled lizard (D:3)
  3 rats
332 creatures vanquished.

Vanquished Creatures (collateral kills)
  An orc priest (D:5)
1 creature vanquished.

Grand Total: 333 creatures vanquished

Notes
Turn   | Place    | Note
-------+----------+-------------------------------------------
     0 | D:1      | pkoi the Draconian Monk began the quest for the Orb.
     0 | D:1      | Reached XP level 1. HP: 19/19 MP: 1/1
   283 | D:1      | Reached XP level 2. HP: 26/26 MP: 2/2
   594 | D:1      | Found a faded altar of an unknown god.
   987 | D:2      | Reached XP level 3. HP: 28/33 MP: 3/3
  1234 | D:2      | Noticed Terence
  1287 | D:2      | Killed Terence
  1743 | D:2      | Noticed Jessica
  1752 | D:2      | Killed Jessica
  1753 | D:2      | Reached XP level 4. HP: 24/40 MP: 4/4
  2082 | D:3      | Reached skill level 4 in Unarmed Combat
  2281 | D:3      | Found Librineruca's Weapon Shop.
  2331 | D:3      | Reached XP level 5. HP: 47/47 MP: 5/5
  2366 | D:3      | Found a shimmering blue altar of Sif Muna.
  2379 | D:3      | Became a worshipper of Sif Muna the Loreminder
  2379 | D:3      | Reached * piety under Sif Muna
  2379 | D:3      | Reached ** piety under Sif Muna
  2620 | D:3      | Noticed an ice beast
  2632 | D:3      | Killed an ice beast
  2988 | D:4      | Reached skill level 5 in Fighting
  3047 | D:4      | Reached XP level 6. HP: 40/56 MP: 6/6
  3224 | D:4      | Found a stormy altar of Qazlal.
  3224 | D:4      | Noticed a sky beast
  3241 | D:4      | Killed a sky beast
  3317 | D:4      | Noticed a sky beast
  3328 | D:4      | Killed a sky beast
  3329 | D:4      | Reached skill level 5 in Unarmed Combat
  3407 | D:4      | Found a burning altar of Makhleb.
  3427 | D:4      | Noticed Menkaure
  3436 | D:4      | Killed Menkaure
  3437 | D:4      | Your scales start taking on a fiery red colour.
  3437 | D:4      | Reached XP level 7. HP: 45/62 MP: 7/7
  3437 | D:4      | Gained mutation: Your flesh is heat resistant. (rF+) [Red
                  | Draconian growth]
  3520 | D:4      | Noticed Blork the orc
  3525 | D:4      | Killed Blork the orc
  3526 | D:4      | Reached skill level 5 in Dodging
  3665 | D:4      | Noticed Natasha
  3669 | D:4      | Killed Natasha
  3734 | D:4      | Noticed Natasha
  3744 | D:4      | Killed Natasha
  3986 | D:4      | Found a sacrificial altar of Ru.
  4029 | D:4      | Noticed Natasha
  4043 | D:4      | Killed Natasha
  4123 | D:5      | Entered Level 5 of the Dungeon
  4245 | D:4      | Reached skill level 6 in Unarmed Combat
  4585 | D:5      | Reached XP level 8. HP: 67/71 MP: 8/8
  5304 | D:5      | Found Cuobiaq's Elemental Accessories.
  5713 | D:6      | Learned a level 1 spell: Apportation
  5891 | D:6      | Reached skill level 1 in Spellcasting
  5910 | D:6      | Reached *** piety under Sif Muna
  6166 | D:6      | Noticed Grinder
  6190 | D:6      | Paralysed by Grinder for 4 turns
  6198 | D:6      | Killed Grinder
  6199 | D:6      | Reached skill level 1 in Translocations
  6242 | D:6      | Found a staircase to the Ecumenical Temple.
  6270 | Temple   | Entered the Ecumenical Temple
  6409 | D:6      | Found a radiant altar of Vehumet.
  6414 | D:6      | Found a hazy altar of Hepliaklqana.
  6504 | D:6      | Noticed Prince Ribbit
  6528 | D:6      | Killed Prince Ribbit
  6529 | D:6      | Reached skill level 7 in Unarmed Combat
  6892 | D:7      | Reached XP level 9. HP: 74/80 MP: 12/12
  7863 | D:8      | Found an opulent altar of Gozag.
  8192 | D:7      | Reached **** piety under Sif Muna
  8902 | D:8      | Found a glowing golden altar of the Shining One.
  9084 | D:9      | Reached skill level 8 in Unarmed Combat
  9168 | D:9      | Noticed a troll
  9190 | D:9      | Killed a troll
  9191 | D:9      | Reached XP level 10. HP: 59/90 MP: 16/16
  9737 | D:9      | Identified a scroll of acquirement
  9836 | D:5      | Bought the Tome of the Blaze for 208 gold pieces
  9840 | D:5      | Learned a level 3 spell: Volatile Blastmotes
  9920 | D:9      | Found a staircase to the Orcish Mines.
  9959 | D:9      | Paralysed by a hornet for 3 turns
  9961 | D:9      | Reached skill level 1 in Fire Magic
 10208 | D:9      | Reached skill level 5 in Translocations
 10540 | D:10     | Entered Level 10 of the Dungeon
 10609 | D:10     | Noticed an ice statue
 10733 | D:10     | Learned a level 1 spell: Summon Small Mammal
 10779 | D:10     | Identified the +10 dagger of Emeir {vamp, rN+ rCorr Str-5
                  | Int+3}
 10894 | D:10     | Reached skill level 1 in Summonings
 11105 | D:10     | Reached skill level 5 in Spellcasting
 11176 | D:10     | Found Geovett's Antique Weapon Boutique.
 11241 | D:10     | Learned a level 3 spell: Inner Flame
 11680 | D:11     | Noticed a two-headed ogre
 11688 | D:11     | Killed a two-headed ogre
 11689 | D:11     | Reached skill level 1 in Hexes
 11798 | D:11     | Noticed an elephant
 11818 | D:11     | Found a staircase to the Lair.
 11818 | D:11     | Noticed Sonja
 12072 | D:11     | Reached XP level 11. HP: 97/97 MP: 17/19
 12527 | D:11     | Noticed a two-headed ogre
 12554 | D:11     | Killed a two-headed ogre
 12555 | D:11     | Reached skill level 9 in Unarmed Combat
 12927 | D:11     | Noticed Psyche
 12947 | D:11     | Killed Psyche
 14133 | D:11     | Killed Sonja
 14254 | D:11     | Found a staircase to the Lair.
 14961 | Lair:1   | Entered Level 1 of the Lair of Beasts
 15019 | Lair:1   | Reached skill level 5 in Fire Magic
 15949 | Lair:1   | Noticed a catoblepas
 15967 | Lair:1   | Killed a catoblepas
 16145 | Lair:1   | Reached skill level 10 in Unarmed Combat
 16145 | Lair:1   | Reached XP level 12. HP: 90/104 MP: 9/21
 16158 | Lair:1   | Reached skill level 5 in Summonings
 16608 | Lair:1   | Reached ***** piety under Sif Muna
 17049 | Lair:2   | Received a gift from Sif Muna
 17108 | Lair:2   | Got Sif Muna's Compilation of the Oath and the Impact {god
                  | gift}
 17428 | Lair:2   | Reached skill level 5 in Hexes
 18255 | Lair:3   | Noticed a five-headed hydra
 18459 | Lair:3   | Noticed a catoblepas
 18482 | Lair:3   | Killed a catoblepas
 18482 | Lair:3   | HP: 4/104 [spore (10)]
 18760 | Lair:2   | Reached skill level 11 in Unarmed Combat
 18970 | Lair:3   | Killed a five-headed hydra
 19357 | Lair:3   | Found a staircase to the Snake Pit.
 19508 | Lair:3   | Found the +9 scales of the Dragon King {rPois rF+ rC+
                  | Will+}
 19858 | Lair:3   | Found a staircase to the Shoals.
 20246 | Lair:4   | Reached skill level 10 in Fire Magic
 20246 | Lair:4   | Reached XP level 13. HP: 101/111 MP: 22/22
 20277 | Lair:4   | Noticed Ziam's ghost (journeyman GrBe)
 20553 | Lair:4   | Learned a level 2 spell: Blink
 20558 | Lair:4   | Learned a level 4 spell: Manifold Assault
 20580 | Lair:4   | Reached skill level 12 in Unarmed Combat
 20853 | Lair:4   | Found a runed translucent gate.
 20853 | Lair:4   | Found a runed translucent gate.
 20853 | Lair:4   | Found a runed translucent gate.
 20890 | Lair:4   | Noticed a minotaur
 21875 | Lair:5   | Entered Level 5 of the Lair of Beasts
 22359 | Lair:5   | Found a viscous altar of Jiyva.
 22503 | Lair:4   | HP: 2/111 [death yak (17)]
 22503 | Lair:4   | Mangled by a death yak

Illustrated notes

Levels and vault maps discovered:
D:1:      dpeg_arrival_three_same_balls, layout_basic,
          hellmonk_ecumenical_altar_heavens_door, serial_park_tiny_pond
D:2:      layout_basic, uniq_jessica, uniq_terence
D:3:      layout_basic, nicolae_sif_muna_condensation, serial_shops,
          nicolae_shop_bloodbath_and_beyond, kennysheep_generic_room_8
D:4:      layout_rooms, mainiacjoe_overflow_24_doors,
          mainiacjoe_overflow_cross_hatched, nicolae_qazlal_beasts_of_the_sky,
          uniq_blork_the_orc, uniq_natasha, uniq_menkaure
D:5:      layout_rooms, minmay_misc_feat_four_crosses,
          minmay_misc_feat_secret_circle, nicolae_elemental_shop
D:6:      layout_rooms, mainiacjoe_overflow_big_doors, temple_fountains,
          uniq_prince_ribbit1, uniq_grinder
D:7:      layout_basic, nrook_mini_backslash
D:8:      layout_rooms, nicolae_gozag_seed_capital, mainiacjoe_overflow_paths
D:9:      layout_roguey, david_orc_3
D:10:     layout_gridville, serial_shops, nicolae_shop_crystal, minivault_16,
          minivault_26
D:11:     layout_stronghold, david_lair_generic, uniq_sonja, uniq_psyche
Temple:   zaba_magenta_temple
Lair:1:   layout_loops_ring, grunt_megastairs_1
Lair:2:   layout_hall_layers, chequers_serial_rivers_micro_a
Lair:3:   layout_roguey, minmay_shoals_entry_hut, grunt_megastairs_4
Lair:4:   layout_small_grid, maelrawn_ghost_gauntlet_escape
Lair:5:   minmay_lair_end_enchanted_forest, layout_cave_pods, slime_entry_1,
          lemuel_fruit_fields

Skill      XL: |  1  2  3  4  5  6  7  8  9 10 11 12 13 |
---------------+----------------------------------------+-----
Dodging        | 3 4 5 6 7 8 9 |  9.0
Fighting       | 4 5 6 7 8 9 |  9.0
Unarmed Combat | 4 5 6 7 8 10 11 12 | 12.4
Spellcasting   | 2 4 5 6 |  6.0
Translocations | 2 4 5 6 7 |  7.0
Fire Magic     | 3 6 10 11 | 11.2
Summonings     | 2 4 6 |  6.0
Hexes          | 1 4 6 |  6.0

Action                     |  1- 3 |  4- 6 |  7- 9 | 10-12 | 13-15 || total
---------------------------+-------+-------+-------+-------+-------++-------
  Melee: Dagger            |   138 |   162 |   333 |   263 |       ||   896
         Tailslap          |    18 |    28 |   114 |    99 |    15 ||   274
         Unarmed           |       |       |   130 |   184 |    62 ||   376
         Punch             |       |       |       |    13 |     8 ||    21
  Throw: Dart              |       |       |    13 |     1 |       ||    14
   Cast: Inner Flame       |       |       |       |    79 |    23 ||   102
         Volatile Blastmot |       |       |       |    26 |    10 ||    36
         Summon Small Mamm |       |       |       |     9 |     2 ||    11
         Manifold Assault  |       |       |       |       |     1 ||     1
Ability: Breathe Fire      |       |       |    22 |    42 |     8 ||    72
  Evoke: Wand              |       |     5 |     2 |     8 |       ||    15
    Use: Scroll            |     1 |       |    18 |     4 |       ||    23
         Potion            |     1 |       |     4 |     2 |       ||     7
   Stab: Distracted        |       |       |       |     1 |       ||     1
 Armour: Skin              |    40 |    29 |   118 |   247 |    37 ||   471
  Dodge: Dodged            |    56 |    77 |   341 |   519 |    99 ||  1092
